 Dungeon Crawl Stone Soup version 0.24-a0-443-g80245de385 (webtiles) character file.

Game seed: 16811922422063930798

762 emperorscorpion the Chopper (level 7, -1/100 HPs)
             Began as a Deep Dwarf Berserker on June 21, 2019.
             Was a Believer of Trog.
             Slain by an orc warrior
             ... wielding a +3 dire flail of protection
              (18 damage)
             ... on level 8 of the Dungeon.
             The game lasted 00:06:01 (555 turns).

emperorscorpion the Chopper (Deep Dwarf Berserker)   Turns: 555, Time: 00:06:02

Health: -1/100     AC:  5    Str: 28    XL:     7   Next: 51%
Magic:  4/4        EV: 13    Int: 10    God:    Trog [**....]
Gold:   49         SH:  0    Dex: 12    Spells: 6/6 levels left

rFire    . . .     SeeInvis .   a - +0 hand axe (flame)
rCold    . . .     Gourm    .   (no shield)
rNeg     . . .     Faith    .   h - +0 ring mail
rPois    .         Spirit   .   (no helmet)
rElec    .         Reflect  .   (no cloak)
rCorr    .         Harm     .   (no gloves)
MR       +....                  (no boots)
Stlth    ..........             (no amulet)
HPRegen  0.00/turn              e - +3 ring of intelligence
MPRegen  0.09/turn              (no ring)

@: berserking (expiring), non-regenerating, slowed
A: damage resistance, heal wounds, sense surroundings 1, no regeneration
a: Heal Wounds, Berserk, Trog's Hand, Renounce Religion


You were on level 8 of the Dungeon.
You worshipped Trog.
Trog was pleased with you.
You were hungry.

You visited 1 branch of the dungeon, and saw 7 of its levels.

You collected 49 gold pieces.

Inventory:

Hand Weapons
 a - a +0 hand axe of flaming (weapon)
 g - a +0 flail
Armour
 b - a +0 animal skin
 h - a +0 ring mail (worn)
Jewellery
 e - a +3 ring of intelligence (left hand)
Potions
 d - 2 potions of ambrosia {unknown}
Comestibles
 c - 4 rations


   Skills:
 + Level 5.1 Fighting
 + Level 6.8 Axes
 + Level 3.9 Armour
 + Level 3.8 Dodging
 + Level 0.1 Stealth


You had 6 spell levels left.
You didn't know any spells.
Your spell library was empty.

Dungeon Overview and Level Annotations

Branches:
Dungeon (8/15)
 Temple: D:4-7         Lair: D:8-11

Altars:


Innate Abilities, Weirdness & Mutations

You are resistant to damage.
You can heal yourself by infusing magical energy.
You passively map a small area around you.
You do not regenerate.


Message History

You kill the orc!
Trog accepts your kill. The orc warrior barely misses you.
Your ring mail prevents you from hitting the orc warrior.
The orc warrior is moderately wounded.
The orc warrior hits you with a +3 dire flail of protection!!
* * * LOW HITPOINT WARNING * * *
You hit the orc warrior. You burn the orc warrior.
The orc warrior is moderately wounded.
The orc warrior hits you but does no damage.
You hit the orc warrior. You burn the orc warrior.
The orc warrior is heavily wounded.
You barely miss the orc warrior.
The orc warrior is heavily wounded.
The orc warrior misses you.
You slash the orc warrior! You burn the orc warrior.
The orc warrior is almost dead.
You barely miss the orc wizard. The orc wizard barely misses you.
The orc warrior hits you with a +3 dire flail of protection!!
You die...

...#...## *
*.....###.##
, ......
*##.###
##.....*
#...#
*##...##
##.#.# ,,*
##. , #....#
,* ##
#...###.#
#######.#
#o@.# #o#)#
, * #.#.# ,
#.#.# , *
#.... *
#.... *
#..... #.
...* , *


You could see an orc warrior and an orc wizard.

Vanquished Creatures
  Prince Ribbit (D:8)
  A sky beast (D:8)
  A scorpion (D:8)
  2 howler monkeys (D:8)
  2 crimson imps (D:8)
  3 hounds
  A bullfrog skeleton (D:6)
  An iguana (D:6)
  3 orc wizards (D:6)
  A hound skeleton (D:4)
  A gnoll (D:8)
  An adder skeleton (D:4)
  A dart slug (D:4)
  2 leopard geckos
  18 orcs
  2 goblins
  A hobgoblin (D:1)
  A quokka (D:6)
  A rat (D:1)
44 creatures vanquished.

Notes
Turn   | Place    | Note
-------+----------+-------------------------------------------
     0 | D:1      | emperorscorpion the Deep Dwarf Berserker began the quest
                  | for the Orb.
     0 | D:1      | Reached XP level 1. HP: 20/20 MP: 1/1
   138 | D:4      | Reached XP level 2. HP: 27/27 MP: 2/2
   143 | D:4      | Reached skill level 4 in Axes
   143 | D:4      | Reached XP level 3. HP: 32/34 MP: 3/3
   154 | D:4      | You fall into a shaft and drop 2 floors!
   182 | D:6      | Reached XP level 4. HP: 32/42 MP: 3/3
   239 | D:6      | Identified the cursed +1 robe "Tepligga" {*Drain Int+4
                  | Dex+2}
   258 | D:6      | Reached XP level 5. HP: 50/50 MP: 4/4
   312 | D:6      | Reached ** piety under Trog
   315 | D:6      | Reached skill level 5 in Axes
   445 | D:8      | Noticed a sky beast
   453 | D:8      | Killed a sky beast
   453 | D:8      | Reached XP level 6. HP: 57/57 MP: 4/4
   479 | D:8      | Noticed Prince Ribbit
   503 | D:8      | Killed Prince Ribbit
   503 | D:8      | Reached skill level 5 in Fighting
   503 | D:8      | Reached skill level 6 in Axes
   503 | D:8      | Reached XP level 7. HP: 48/67 MP: 4/4
   555 | D:8      | Slain by an orc warrior

Levels and vault maps discovered:
D:1:      lightli_arrival_flooded_house, layout_loops_ring, minmay_tetromino_s2
D:2:      layout_basic, uniq_crazy_yiuf_cottage
D:3:      wad_lake_hut, layout_basic, nicolae_dithmenos_shadow_blocks,
          first_ration
D:4:      layout_loops_corners
D:6:      layout_gridville, fiery_altar_vehumet, grunt_ashenzari_visionary
          [grunt_ashenzari_visionary_shoals, grunt_ashenzari_visionary_spider]
D:7:      kennysheep_big_flooded_room, layout_rooms,
          lemuel_zombie_altar_kikubaaqudgha, lemuel_coloured_pillars_altar,
          minmay_misc_feat_iff, nicolae_ru_awakened_eye
D:8:      layout_loops_ring, the_bakery, small_chamber_with_monster,
          uniq_joseph, uniq_prince_ribbit1, uniq_pikel

Skill      XL: |  1  2  3  4  5  6 |
---------------+-------------------+-----
Fighting       | 3 4 5 |  5.1
Axes           | 4 5 6 |  6.8
Dodging        | 3 |  3.8
Armour         | 3 |  3.9
Stealth        | |  0.1

Action                   |  1- 3 |  4- 6 |  7- 9 || total
-------------------------+-------+-------+-------++-------
Melee: Hand axe          |    37 |    69 |    22 ||   128
Invok: Berserk           |     1 |     4 |     1 ||     6
 Abil: Heal Wounds       |     2 |     3 |       ||     5
  Use: Scroll            |     1 |     1 |     2 ||     4
       Potion            |     1 |       |       ||     1
  Eat: Chunk             |       |     2 |     1 ||     3
Armor: Animal skin       |    13 |       |       ||    13
       Ring mail         |       |    37 |     4 ||    41
Dodge: Dodged            |    34 |    54 |    14 ||   102

Table legend:
 A = Non-vault XP
 B = Vault XP
 C = Vault XP percentage of total XP
 D = Non-vault monster count
 E = Vault monster count
 F = Vault count percentage of total count
                 A         B        C        D         E       F
            +---------+---------+-------+---------+---------+-------
      Total |     830 |     259 |  23.8 |      43 |       1 |   2.3
            +---------+---------+-------+---------+---------+-------
        D:1 |       8 |       0 |   0.0 |       4 |       0 |   0.0
        D:4 |      44 |       0 |   0.0 |       9 |       0 |   0.0
        D:6 |     250 |       0 |   0.0 |      14 |       0 |   0.0
        D:7 |       3 |       0 |   0.0 |       1 |       0 |   0.0
        D:8 |     525 |     259 |  33.0 |      15 |       1 |   6.2
            +---------+---------+-------+---------+---------+-------
